Map: Central Protocol

Players

Pitoco - Winner!

  • Race: Zerg Zerg
  • League: Silver

Miltreta

  • Race: Terran Terran
  • League: Bronze

VOD

Have the link to the VOD?

Description

Time

  • Played on: March 14, 2016, 11:12 a.m.
  • Length: 21:05
Show
View Real Time Build Order
Export as new Build Order

Pitoco Zerg - Winner!

Build Orders: Pool First 

Get SALT Encoding   

  12  0:19  Spawning Pool  
  11  0:22  Drone  
  11  0:27  Drone  
  13  0:34  Drone  
  14  0:42  Overlord  
  14  0:49  Overlord  
  14  1:01  Drone  
  15  1:07  Extractor  
  15  1:08  Drone  
  15  1:16  Queen  
  17  1:18  Drone  
  18  1:29  Drone  
  19  1:52  Hatchery  
  19  1:53  Drone x2  
  20  2:02  Drone  
  21  2:15  Drone  
  22  2:54  Hatchery  
  21  3:01  Drone x4  
  21  3:05  Drone  
  26  3:18  Hatchery  
  25  3:21  Drone x2  
  25  3:24  Drone  
  28  3:27  Lair  
  28  3:38  Drone  
  28  3:40  Drone  
  30  3:56  Drone  
  30  3:57  Drone x2  
  33  4:03  Extractor  
  33  4:06  Extractor, Drone x2  
  33  4:07  Hatchery  
  33  4:09  Drone  
  33  4:14  Drone  
  34  4:26  Drone  
  35  4:33  Roach Warren  
  34  4:39  Spore Crawler x2  
  34  4:42  Spore Crawler  
  31  4:45  Drone  
  31  4:46  Drone x3  
  31  4:48  Spore Crawler  
  34  4:53  Spore Crawler  
  34  4:55  Spore Crawler  
  34  4:57  Spore Crawler x2  
  34  4:58  Drone x3  
  33  5:13  Evolution Chamber  
  32  5:17  Drone x3  
  32  5:18  Drone  
  32  5:21  Drone x3  
  39  5:22  Hydralisk Den  
  39  5:24  Drone x3  
  39  5:27  Drone  
  42  5:41  Drone, Spine Crawler  
  42  5:42  Drone x2, Spine Crawler x2  
  42  5:48  Roach x3  
  42  5:49  Roach  
  50  5:53  Zerg Melee Weapons Level 1  
  50  6:06  Drone x3  
  50  6:09  Overlord  
  50  6:10  Overlord  
  53  6:13  Overlord x2  
  53  6:14  Overlord  
  53  6:17  Drone  
  54  6:30  Overlord x2  
  54  6:36  Drone  
  54  6:39  Drone x2  
  57  6:47  Hydralisk x6  
  57  6:48  Hydralisk x2  
  57  6:52  Drone x2  
  75  6:55  Drone  
  75  6:56  Drone x2  
  75  6:59  Drone x2  
  80  7:10  Drone  
  80  7:11  Drone x2  
  83  7:18  Spore Crawler  
  83  7:20  Spore Crawler  
  83  7:21  Spore Crawler  
  80  7:27  Drone  
  80  7:28  Spore Crawler  
  80  7:36  Spore Crawler  
  80  7:37  Spore Crawler x2, Drone x3  
  80  7:38  Spore Crawler  
  79  7:44  Spine Crawler  
  79  7:45  Spine Crawler x2  
  79  7:47  Drone x3, Spine Crawler  
  78  7:56  Spore Crawler  
  78  7:57  Spore Crawler  
  76  7:58  Spore Crawler  
  76  7:59  Spore Crawler  
  76  8:04  Drone, Spine Crawler x2  
  73  8:06  Spine Crawler  
  73  8:07  Drone  
  73  8:08  Drone x2  
  75  8:16  Drone x6  
  81  8:22  Extractor, Glial Reconstitution  
  81  8:24  Burrow  
  81  8:26  Zerg Missile Weapons Level 1  
  80  8:40  Hatchery  
  80  8:41  Hatchery  
  78  8:50  Zergling x2  
  78  8:52  Zergling x4  
  80  9:16  Drone x3  
  83  9:19  Drone x3  
  83  9:22  Drone  
  83  9:23  Drone x2  
  89  9:26  Overlord x3  
  89  9:33  Roach x3  
  89  9:35  Queen  
  97  9:41  Tunneling Claws  
  97  9:49  Overlord x2  
  97  9:55  Drone x3  
  100  10:01  Extractor  
  100  10:05  Extractor  
  100  10:06  Drone x3  
  101  10:08  Extractor  
  101  10:09  Extractor, Drone x3  
  101  10:12  Drone  
  103  10:15  Drone x2  
  103  10:21  Queen  
  107  10:31  Roach x7  
  121  10:39  Hydralisk x6  
  133  10:44  Muscular Augments  
  133  10:46  Metabolic Boost  
  133  11:07  Queen  
  135  11:12  Roach x4  
  135  11:13  Roach x4  
  135  11:16  Ravager x5  
  135  11:17  Ravager x2  
  158  11:20  Overlord x3  
  147  11:58  Drone x3  
  147  12:01  Drone x3  
  152  12:05  Drone x3  
  156  12:10  Overlord x3  
  156  12:25  Roach  
  156  12:26  Roach x7  
  156  12:29  Roach x5  
  186  12:30  Roach x3  
  188  12:41  Lurker Den  
  148  13:10  Ravager x7  
  148  13:11  Ravager x3  
  158  13:19  Baneling Nest  
  121  13:43  Roach x5  
  121  13:44  Roach x7  
  121  13:45  Roach x4  
  121  13:47  Hydralisk x4  
  121  13:48  Hydralisk x3  
  166  14:23  Zergling x10  
  166  14:24  Zergling x14  
  170  14:27  Zergling x6  
  170  14:28  Zergling x6  
  162  14:44  Baneling x5  
  162  14:45  Baneling x6  
  162  14:46  Baneling x7  
  162  14:47  Baneling x7  
  162  14:50  Baneling  
  162  14:51  Baneling x3  
  150  15:12  Roach x4  
  150  15:13  Roach x3  
  73  15:37  Hydralisk x4  
  73  15:41  Zergling x10  
  73  15:42  Zergling x8  
  90  15:45  Zergling x8  
  92  16:24  Drone  
  92  16:25  Drone x2  
  95  16:28  Drone x3  
  98  16:36  Extractor x2  
  96  16:40  Overlord  
  96  16:41  Overlord x2  
  96  16:50  Zerg Ground Armor Level 1  
  96  16:53  Queen  
  98  17:09  Roach x4  
  98  17:10  Roach x6  
  118  17:20  Hydralisk x6  
  118  17:21  Hydralisk  
  132  17:30  Drone x3  
  133  17:48  Roach x6  
  145  17:54  Hydralisk  
  145  17:55  Hydralisk x6  
  145  17:56  Hydralisk x4  
  167  18:03  Lurker x3  
  170  18:36  Lurker x2  
  170  18:37  Lurker x5  
  177  18:46  Zergling x12  
  177  18:47  Zergling x14  
  177  18:48  Zergling x4  
  192  19:25  Baneling x5  
  192  19:26  Baneling x7  
  192  19:27  Baneling x6  
  192  19:28  Baneling x7  
  192  19:32  Centrifical Hooks  
Show
View Real Time Build Order
Export as new Build Order

Miltreta Terran 

Build Orders:  

Get SALT Encoding   

  12  0:01  SCV  
  13  0:13  SCV  
  14  0:22  Supply Depot  
  14  0:25  SCV  
  15  0:44  Barracks  
  15  0:45  SCV  
  16  0:53  Refinery  
  16  1:00  SCV  
  17  1:12  SCV  
  18  1:25  SCV  
  19  1:37  SCV  
  19  1:39  Marine  
  21  1:47  Refinery  
  21  1:50  Orbital Command  
  21  1:51  Barracks  
  21  1:56  Marine  
  22  2:02  Factory  
  22  2:16  Barracks Tech Lab  
  22  2:50  Barracks Reactor  
  22  3:01  Supply Depot  
  22  3:05  Supply Depot  
  22  3:07  Factory Tech Lab  
  22  3:08  Supply Depot  
  22  3:10  Supply Depot  
  21  3:37  Marine x2  
  21  3:38  Barracks Reactor  
  23  3:43  Siege Tank  
  26  3:54  SCV  
  26  3:55  Marine x2  
  29  4:06  SCV  
  29  4:09  Command Center  
  30  4:17  Marine x4  
  30  4:19  Bunker  
  34  4:38  Engineering Bay  
  34  4:50  Factory  
  34  5:13  Starport  
  34  5:15  Missile Turret  
  34  5:17  SCV  
  34  5:20  Marine x2  
  34  5:21  Marine x2  
  39  5:29  SCV  
  40  5:36  SCV  
  41  5:49  Supply Depot  
  41  5:50  Supply Depot  
  41  5:56  Armory  
  41  5:59  SCV x2  
  41  6:03  Marine x2  
  45  6:15  SCV  
  45  6:18  Orbital Command  
  46  6:26  Siege Tank  
  49  6:40  Refinery  
  49  6:46  SCV x2  
  51  6:47  Marine  
  51  6:48  Marine  
  51  6:49  Marine x2  
  51  6:52  Factory Tech Lab  
  55  6:57  Starport Reactor  
  55  7:34  Medivac x2  
  59  7:47  Liberator x2  
  59  7:48  Reaper x2  
  59  7:49  Marine x2  
  63  7:51  Siege Tank x2  
  75  8:58  Liberator x2  
  73  9:13  Siege Tank x2  
  85  9:47  Marine  
  86  9:56  Supply Depot  
  86  9:58  Supply Depot  
  86  10:02  Supply Depot  
  86  10:04  Supply Depot  
  86  10:18  Medivac x2, Marine x3  
  93  10:26  Marine  
  93  10:28  Siege Tank x2  
  100  10:59  Thor  
  100  11:00  Thor  
  112  11:46  Marine x3  
  115  11:47  Marine  
  114  12:19  Marine x3  
  114  12:20  Marine  
  118  12:30  Supply Depot  
  118  12:33  Supply Depot  
  118  12:42  Starport  
  118  12:46  Command Center  
  118  12:50  Factory  
  118  12:52  Siege Tank x2  
  118  12:54  Barracks, Marine x4  
  118  12:58  Medivac x2  
  102  14:49  Marine x4  
  102  14:51  Thor x2  
  70  15:37  Marine x3  
  70  15:38  Marine  
  74  15:56  Siege Tank  
  74  15:57  Siege Tank  
  60  16:12  Marine x3  
  59  16:29  Hellbat x2  
  63  16:33  Marine x2  
  63  16:34  Marine x2  
  67  16:48  Barracks  
  67  16:52  Barracks  
  67  16:54  Refinery  
  67  16:58  Refinery  
  67  17:01  Factory  
  67  17:06  Medivac x2  
  71  17:09  Marine x3  
  71  17:10  Marine  
  71  17:13  Siege Tank  
  81  17:15  Barracks Tech Lab  
  81  17:21  Factory Reactor  
  81  17:41  Barracks  
  81  17:46  Starport Tech Lab  
  81  17:49  Factory  
  81  17:52  Factory Tech Lab  
  81  17:59  Marine  
  82  18:06  Barracks Reactor  
  82  18:08  Barracks Reactor  
  82  18:12  Stimpack  
  82  18:17  Refinery, SCV x2  
  73  18:54  Marine x4  
  73  18:55  Marine x4  
  80  18:56  Marine  
  82  19:04  Supply Depot  
  82  19:08  Supply Depot  
  82  19:10  Supply Depot x2  
  82  19:15  SCV x2  
  84  19:25  SCV  
  84  19:27  SCV x2  
  84  19:31  Marine x5  
  88  19:32  Marine x2  
  88  19:33  Marine  
  95  19:41  Engineering Bay  
  95  19:44  Engineering Bay  
  95  20:08  Marauder  
Tags
 
Add a new tag
Caveats
  • Supply blocks, unpowered buildings, or Contaminate may cause inaccurate times.
  • Supply counts are checked every 10 seconds.